 Dungeon Crawl Stone Soup version 0.30-a0-672-gc3a7216ad8 (webtiles) character file.

Game seed: 16879012766961141607

165 Dittersdorf the Covered (level 5, -28/34 HPs)
             Began as a Gargoyle Fighter on Jan 18, 2023.
             Engulfed by a cloud of flame (36 damage)
             ... on level 4 of the Dungeon.
             The game lasted 00:02:53 (2306 turns).

Dittersdorf the Covered (Gargoyle Fighter)          Turns: 2306, Time: 00:02:54

Health: -28/34     AC: 13    Str: 26    XL:     5   Next: 46%
Magic:  5/5        EV:  9    Int:  8    God:
Gold:   235        SH:  4    Dex:  9    Spells: 4/4 levels left

rFire   . . .      SeeInvis .    a - +0 flail
rCold   . . .      Faith    .    c - +0 buckler
rNeg    + . .      Spirit   .    m - +1 scale mail of Charity {rElec Str+4}
rPois   ∞          Reflect  .    (no helmet)
rElec   +          Harm     .    (no cloak)
rCorr   .          Rampage  .    (no gloves)
Will    .....                    p - +0 pair of boots Stlth
                                 (no amulet)
HPRegen 0.25/turn                (no ring)
MPRegen 0.09/turn                (no ring)

@: no status effects
A: sickness immunity, AC +4, negative energy resistance 1, electricity
resistance, torment resistance 1, petrification resistance
a: no special abilities


You were on level 4 of the Dungeon.
You visited 1 branch of the dungeon, and saw 4 of its levels.

You collected 235 gold pieces.

Inventory:

Hand Weapons
 a - a +0 flail (weapon)
Armour
 c - a +0 buckler (worn)
 l - a +0 plate armour
 m - the +1 scale mail of Charity (worn) {rElec Str+4}
   (You took it off a kobold on level 2 of the Dungeon)

   Str:       It affects your strength (+4).
   rElec:     It insulates you from electricity.
 p - a +0 pair of boots (worn)
Scrolls
 e - 2 scrolls of teleportation
 k - a scroll of identify
Potions
 b - a potion of flight
 d - 2 potions of might
 f - 2 potions of cancellation
 h - 3 potions of attraction
 j - 2 potions of curing
 n - a potion of mutation
 o - a potion of brilliance


   Skills:
 + Level 4.3 Fighting
 + Level 3.2 Maces & Flails
 + Level 4.3 Armour
 + Level 4.2 Shields


You had 4 spell levels left.
You didn't know any spells.
Your spell library contained the following spells:

 Spells                   Type           Power      Damage    Failure   Level
 Blink                    Tloc           0%         N/A       88%         2
 Lesser Beckoning         Tloc           0%         N/A       88%         2
 Momentum Strike          Conj/Tloc      0%         3d8       88%         2


Dungeon Overview and Level Annotations

Branches:
Dungeon (4/15)
 Temple: D:4-7

Altars:


Innate Abilities, Weirdness & Mutations

You are immune to sickness and miasma.
Your stone body is resilient. (AC +4)
You are immune to poison.
You resist negative energy. (rN+)
You are resistant to electric shocks. (rElec)
You are resistant to unholy torment.
You are immune to petrification.


Message History

The iguana is severely wounded.
The iguana bites you but does no damage.
The iguana barely misses you.
You barely miss the iguana.
The iguana is severely wounded.
The iguana bites you!
You hit the iguana.
The iguana is severely wounded.
The iguana barely misses you.
You closely miss the iguana.
The iguana is severely wounded.
The iguana bites you.
You hit the iguana.
The iguana is severely wounded.
The iguana barely misses you. The iguana closely misses you.
You hit the iguana.
You kill the iguana!
q - a scroll labelled XILIEDGHAMPA
As you read the scroll labelled REURAILASK, it crumbles to dust.
You feel strangely unstable.
It was a scroll of teleportation.
As you read the scroll labelled IKOTSITIQA, it crumbles to dust.
Wisps of shadow whirl around you...
It was a scroll of summoning.
As you read the scroll labelled MEDOSA YMICUELL, it crumbles to dust.
It is a scroll of amnesia.
You feel forgetful for a moment.
Your surroundings suddenly seem different.
A quokka comes into view.
Found a stone staircase leading down.
As you read the scroll labelled XILIEDGHAMPA, it crumbles to dust.
The creatures around you are filled with an inner flame!
It was a scroll of immolation.
Okay, then.
The quokka bites you.
You thump the quokka!
The quokka explodes!
The fiery explosion engulfs you!
* * * LOW HITPOINT WARNING * * *
You are engulfed in blazing flames.
Ouch! That really hurt!
You die...

#....+
#....#
####....#
#.......#
#.......+
+.......#
#.......#
#.......#
#§@.....#
#§§.....#
.§########
.>.. #...
#... #..
#..


There were no monsters in sight!

Vanquished Creatures
  A hound (D:3)
  An iguana (D:4)
  2 adders
  3 worms
  3 dart slugs
  2 orcs (D:3)
  9 ball pythons
  11 endoplasms
  A giant cockroach (D:1)
  7 goblins
  2 hobgoblins
  8 jackals
  2 quokkas
  6 bats
  2 frilled lizards (D:1)
  8 kobolds
  6 rats
74 creatures vanquished.

Notes
Turn   | Place    | Note
-------+----------+-------------------------------------------
     0 | D:1      | Dittersdorf the Gargoyle Fighter began the quest for the
                  | Orb.
     0 | D:1      | Reached XP level 1. HP: 14/14 MP: 1/1
    70 | D:1      | Reached XP level 2. HP: 19/19 MP: 2/2
   397 | D:1      | Reached XP level 3. HP: 23/23 MP: 3/3
  1325 | D:2      | Identified the +1 scale mail of Charity {rElec Str+4}
  1377 | D:2      | Reached XP level 4. HP: 29/29 MP: 4/4
  1823 | D:3      | Reached XP level 5. HP: 26/33 MP: 5/5
  2306 | D:4      | Engulfed by a cloud of flame

Illustrated notes

Levels and vault maps discovered:
D:1:      amcnicky_arrival_flooded_fountain, layout_basic
D:2:      layout_rooms, grunt_decor_arrowhead
D:3:      layout_rooms
D:4:      layout_gridville, kennysheep_mini_moat, portal_sewer_entry_a,
          uniq_sigmund

Skill      XL: |  1  2  3  4 |
---------------+-------------+-----
Armour         | 4 |  4.3
Fighting       | 4 |  4.3
Maces & Flails | 3 |  3.2
Shields        | 4 |  4.2

Action                   |  1- 3 |  4- 6 || total
-------------------------+-------+-------++-------
Melee: Flail             |   128 |   118 ||   246
  Use: Scroll            |       |    10 ||    10
Armor: Scale mail        |    88 |    78 ||   166
Dodge: Dodged            |    60 |    72 ||   132
Block: Buckler           |    22 |    34 ||    56

Table legend: (Time is in decaauts)
 A = Elapsed time spent in this place.
 B = Non-inter-level travel time spent in this place.
 C = Inter-level travel time spent in this place.
 D = Time resting spent in this place.
 E = Time spent auto-exploring this place.
 F = Levels seen in this place.
 G = Mean time per level.
                   A        B        C        D        E       F      G
               +--------+--------+--------+--------+--------+-----+--------+
         Total |   2382 |   2258 |    124 |    182 |   1471 |   4 |  595.5 |
       Dungeon |   2382 |   2258 |    124 |    182 |   1471 |   4 |  595.5 |
               +--------+--------+--------+--------+--------+-----+--------+

Top non-repeatable levels by time:
     D:1: 985 daAuts
     D:2: 797 daAuts
     D:3: 525 daAuts
     D:4: 73 daAuts
